 Dungeon Crawl Stone Soup version 0.29.0-4-gdea44cf6ec (webtiles) character file.

Game seed: 16269895523422795771

151 qw the Chopper (level 5, -2/30 HPs)
             Began as a Tengu Warper on Aug 28, 2022.
             Killed from afar by Natasha (3 damage)
             ... with a magic dart
             ... on level 2 of the Dungeon.
             The game lasted 00:00:10 (2867 turns).

qw the Chopper (Tengu Warper)                       Turns: 2867, Time: 00:00:11

Health: -2/30      AC: 11    Str: 14    XL:     5   Next: 33%
Magic:  9/9        EV:  5    Int: 13    God:
Gold:   140        SH:  0    Dex: 13    Spells: 8/8 levels left

rFire   . . .      SeeInvis .   Y - +0 hand axe
rCold   . . .      Faith    .   (no shield)
rNeg    . . .      Spirit   .   e - +0 plate armour
rPois   +          Reflect  .   (helmet restricted)
rElec   .          Harm     .   (no cloak)
rCorr   .          Rampage  .   (no gloves)
Will    .....                   (boots unavailable)
Stlth   ..........              (no amulet)
HPRegen 0.10/turn               j - ring of poison resistance
MPRegen 0.11/turn               (no ring)

@: flying quickly and evasively, quick
A: beak, talons 3, nimble flight
a: no special abilities


You were on level 2 of the Dungeon.
You visited 1 branch of the dungeon, and saw 2 of its levels.

You collected 140 gold pieces.


Innate Abilities, Weirdness & Mutations

You have a beak for a mouth.
You have claws for feet.
Your magical nature lets you fly swiftly and evasively.


   Skills:
 - Level 2.0 Fighting
 + Level 5.2 Axes
 - Level 1.0 Throwing
 - Level 2.7 Armour
 - Level 2.1 Dodging
 - Level 2.0 Spellcasting
 - Level 2.4 Translocations


You had 8 spell levels left.
You didn't know any spells.
Your spell library contained the following spells:

 Spells                   Type           Power      Damage    Failure   Level
 Blink                    Tloc           14%        N/A       100%        2
 Gell's Gravitas          Tloc           7%         N/A       100%        3
 Lesser Beckoning         Tloc           7%         N/A       100%        3
 Teleport Other           Tloc           7%         N/A       100%        3
 Manifold Assault         Tloc           7%         N/A       100%        5

Inventory:

Hand Weapons
 g - a +0 flail
 Y - a +0 hand axe (weapon)
Armour
 e - a +0 plate armour (worn)
Jewellery
 j - a ring of poison resistance (left hand)
Scrolls
 b - a scroll of identify
Potions
 a - a potion of curing
 f - a potion of heal wounds {unknown}
 k - a potion of flight {unknown}

Dungeon Overview and Level Annotations

Branches:
Dungeon (2/15)

Altars:

Annotations:
D:2 Natasha


Message History

The shadow imp hits you but does no damage.
Natasha claws you but does no damage. The shadow imp hits you.
You hit Natasha.
You kill Natasha!
Natasha screams in pain as she dies!
The shadow imp disappears in a puff of smoke!
Your Axes skill increases to level 5!
You start resting.
You feel yourself speed up.
Natasha, Servant of Life and Death comes into view.
You hit Natasha but do no damage. You claw Natasha, but do no damage.
Natasha claws you but does no damage.
You hit Natasha but do no damage. You claw Natasha.
Natasha is moderately wounded.
Natasha claws you but does no damage. Natasha claws you.
You slash Natasha! Your kick misses Natasha. Your peck misses Natasha.
Natasha is severely wounded.
Natasha claws you.
You barely miss Natasha. Your kick misses Natasha.
Natasha is severely wounded.
Natasha claws you but does no damage.
You hit Natasha but do no damage. Your peck misses Natasha.
Natasha is severely wounded.
Natasha growls.
Natasha claws you.
You closely miss Natasha.
Natasha is severely wounded.
Natasha stares at you and mumbles some strange words.
The magic dart hits you.
You closely miss Natasha. You claw Natasha, but do no damage.
Natasha is severely wounded.
Natasha claws you!
You hit Natasha but do no damage.
Natasha is severely wounded.
Natasha claws you.
You barely miss Natasha. Your kick misses Natasha.
Natasha is severely wounded.
Natasha casts a spell at you. The magic dart hits you.
You die...

## ##### #........# #.#
####)#########*#.# *****
##'## ##...##.# *,,,*
##...##*#.....#.# *,,,*
##.....##.....>..# *,,,*
##.......#........# **+**
*#....%............#####
*,**
*+...........>..........
**,*
*#.....@...##......#####
*,** ##....h..######.#.#
**,* ##.....## ###.# **,**
##...## #.# **,,,* ##'## #.#
*,,,,* #.* #.# *,,,,* #.*
#.# *,,,,* *#.** #.#
**,,,********,,,**********,*


You could see Natasha.

Vanquished Creatures
  Terence (D:2)
  Natasha (twice) (D:2)
  2 gnolls (D:1)
  An adder (D:2)
  2 dart slugs (D:1)
  2 giant cockroaches
  9 goblins
  8 hobgoblins
  4 jackals (D:1)
  2 kobolds
  A quokka (D:2)
  3 ball pythons
  2 bats (D:2)
  A frilled lizard (D:2)
  4 rats
44 creatures vanquished.

Vanquished Creatures (others)
  17 plants (D:1)
17 creatures vanquished.

Grand Total: 61 creatures vanquished

Notes
Turn   | Place    | Note
-------+----------+-------------------------------------------
     0 | D:1      | qw the Tengu Warper began the quest for the Orb.
     0 | D:1      | Reached XP level 1. HP: 12/12 MP: 4/4
     0 | D:1      | 0 ||| qw: Version: 0.1-a-89-g26bdef1
     0 | D:1      | 0 ||| qw: Game counter: 2885
     0 | D:1      | 0 ||| qw: Always use a shield: true
     0 | D:1      | 0 ||| qw: God list: Okawaru
     0 | D:1      | 0 ||| qw: Allow faded altars: false
     0 | D:1      | 0 ||| qw: Do Orc after D:15 true
     0 | D:1      | 0 ||| qw: Do second Lair branch before Depths: true
     0 | D:1      | 0 ||| qw: Lair rune preference: random
     0 | D:1      | 0 ||| qw: Plans: Normal
     0 | D:1      | 0 ||| PLANNING D:1-11
   268 | D:1      | Reached skill level 3 in Axes
   268 | D:1      | Reached XP level 2. HP: 15/17 MP: 6/6
   316 | D:1      | 316 ||| Stepping ~*~*~tactically~*~*~ (stealth).
   397 | D:1      | 397 ||| Stepping ~*~*~tactically~*~*~ (hiding).
   491 | D:1      | Reached XP level 3. HP: 6/21 MP: 7/7
   766 | D:1      | 766 ||| Stepping ~*~*~tactically~*~*~ (hiding).
   868 | D:1      | 868 ||| Stepping ~*~*~tactically~*~*~ (hiding).
   981 | D:1      | 981 ||| Stepping ~*~*~tactically~*~*~ (hiding).
  1083 | D:1      | 1083 ||| Stepping ~*~*~tactically~*~*~ (hiding).
  1091 | D:1      | Reached skill level 4 in Axes
  1308 | D:1      | You fall into a shaft and drop 1 floor!
  1420 | D:2      | 1420 ||| UPGRADING to +0 plate armour.
  1430 | D:2      | 1430 ||| DROPPING +0 leather armour.
  1431 | D:2      | 1431 ||| UPGRADING to ring of poison resistance.
  1432 | D:2      | 1432 ||| READING scroll labelled WAUMIKOAPY.
  1433 | D:2      | 1433 ||| READING scroll labelled XEONIP LOCHUT.
  1434 | D:2      | 1434 ||| DROPPING scroll of blinking.
  1759 | D:1      | 1759 ||| Stepping ~*~*~tactically~*~*~ (stealth).
  1822 | D:1      | 1822 ||| DRINKING 2 bubbling black potions.
  2031 | D:2      | Reached XP level 4. HP: 24/26 MP: 8/8
  2066 | D:2      | Noticed Terence
  2086 | D:2      | HP: 4/26 [Terence/+0 falchion (6)]
  2087 | D:2      | Killed Terence
  2386 | D:2      | 2386 ||| Stepping ~*~*~tactically~*~*~ (hiding).
  2682 | D:2      | Noticed Natasha
  2683 | D:2      | 2683 ||| Stepping ~*~*~tactically~*~*~ (hiding).
  2693 | D:2      | Killed Natasha
  2694 | D:2      | Gained mutation: Your magical nature lets you fly swiftly
                  | and evasively. [Tengu growth]
  2694 | D:2      | Reached XP level 5. HP: 19/30 MP: 9/9
  2718 | D:2      | Noticed Natasha
  2730 | D:2      | 2730 ||| Stepping ~*~*~tactically~*~*~ (stealth).
  2806 | D:2      | Killed Natasha
  2807 | D:2      | Reached skill level 5 in Axes
  2855 | D:2      | Noticed Natasha
  2865 | D:2      | HP: 4/30 [Natasha (7)]
  2866 | D:2      | HP: 1/30 [Natasha (3)]
  2867 | D:2      | Killed from afar by Natasha

Levels and vault maps discovered:
D:1:      psy_arrival_fountain, layout_loops_corners, serial_bayou_pond_c
D:2:      cheibrodos_greedy_goblins, layout_loops_corners,
          nicolae_ecumenical_lake_church, uniq_terence, uniq_crazy_yiuf_cottage,
          uniq_natasha, uniq_robin

Skill      XL: |  1  2  3  4  5 |
---------------+----------------+-----
Axes           | 3 4 5 |  5.2
Armour         | 2 |  2.7
Fighting       | |  2.0
Throwing       | |  1.0
Dodging        | |  2.1
Spellcasting   | |  2.0
Translocations | |  2.4

Action                   |  1- 3 |  4- 6 || total
-------------------------+-------+-------++-------
Melee: Hand axe          |    61 |    64 ||   125
       Kick              |    14 |    16 ||    30
       Peck              |    11 |     8 ||    19
       Punch             |       |     1 ||     1
Throw: Boomerang         |     7 |       ||     7
  Use: Scroll            |     2 |       ||     2
       Potion            |     1 |       ||     1
Armor: Leather armour    |     8 |       ||     8
       Plate armour      |     8 |    36 ||    44
Dodge: Dodged            |    29 |    12 ||    41

Table legend:
 A = Non-vault XP
 B = Vault XP
 C = Vault XP percentage of total XP
 D = Non-vault monster count
 E = Vault monster count
 F = Vault count percentage of total count
                 A         B        C        D         E       F
            +---------+---------+-------+---------+---------+-------
      Total |     128 |      89 |  41.0 |      32 |      12 |  27.3
            +---------+---------+-------+---------+---------+-------
        D:1 |      59 |       0 |   0.0 |      18 |       0 |   0.0
        D:2 |      69 |      89 |  56.3 |      14 |      12 |  46.2
            +---------+---------+-------+---------+---------+-------
